Map: Sandstorm CE

Players

NutFalcon

  • Race: Zerg Zerg
  • League: Diamond
  • Spawn Location: 5:00

TheTeethiest

  • Race: Protoss Protoss
  • League: Gold
  • Spawn Location: 5:00

MikeHawk

  • Race: Zerg Zerg
  • Spawn Location: 3:00

kaka - Winner!

  • Race: Terran Terran
  • League: Silver
  • Spawn Location: 11:00

brianlau - Winner!

  • Race: Terran Terran
  • Spawn Location: 11:00

Overcyn - Winner!

  • Race: Zerg Zerg
  • League: Gold
  • Spawn Location: 11:00

VOD

Have the link to the VOD?

Description

Time

  • Played on: Sept. 20, 2024, 10:31 p.m.
  • Length: 12:56
Show
View Real Time Build Order
Export as new Build Order

NutFalcon Zerg 

Build Orders: Hatch First 

Get SALT Encoding   

  12  0:01  Drone  
  13  0:12  Overlord  
  13  0:20  Drone  
  14  0:36  Drone x3  
  17  0:56  Hatchery  
  16  0:58  Drone  
  16  1:01  Extractor  
  16  1:14  Spawning Pool  
  16  1:17  Drone  
  16  1:21  Drone  
  16  1:25  Drone  
  18  1:33  Overlord  
  18  2:01  Metabolic Boost  
  18  2:02  Queen  
  18  2:08  Queen  
  20  2:11  Zergling x4  
  24  2:16  Drone  
  24  2:17  Drone  
  24  2:22  Drone  
  27  2:24  Drone  
  28  2:33  Drone x2  
  30  2:41  Queen  
  32  2:49  Queen  
  34  2:55  Overlord  
  33  3:21  Drone x6  
  39  3:27  Queen  
  39  3:28  Queen  
  39  3:31  Overlord  
  43  3:48  Zergling x4  
  44  3:54  Overlord, Roach Warren  
  43  3:55  Zergling x2  
  43  3:56  Zergling x8  
  48  4:13  Zergling x6  
  48  4:14  Zergling x8  
  52  4:39  Zergling x8  
  46  4:48  Zergling x4  
  47  5:17  Overlord x2  
  47  5:20  Drone x7  
  47  5:21  Drone  
  55  5:24  Extractor  
  55  5:25  Extractor  
  52  5:28  Roach  
  52  5:29  Roach  
  56  5:42  Lair  
  32  6:14  Spore Crawler  
  30  6:19  Roach  
  30  6:20  Roach x6  
  30  6:21  Roach x5  
  30  6:22  Roach  
  45  6:46  Drone x5  
  50  6:54  Hydralisk Den  
  49  7:05  Drone  
  49  7:06  Drone x3  
  53  7:15  Glial Reconstitution  
  53  7:17  Drone x4  
  57  7:27  Ravager  
  57  7:28  Ravager x4  
  62  7:31  Queen  
  62  7:35  Drone x3  
  62  7:36  Drone x3  
  64  8:01  Hydralisk x5  
  74  8:19  Drone  
  72  8:20  Drone x3  
  72  8:25  Grooved Spines  
  72  8:27  Hatchery, Drone  
  76  8:29  Extractor  
  76  8:34  Queen  
  74  8:37  Burrow  
  74  8:39  Tunneling Claws  
  76  8:50  Overlord x3  
  76  9:15  Muscular Augments  
  76  9:16  Roach x7  
  90  9:24  Overlord  
  90  9:36  Overlord x4  
  90  9:47  Drone x3  
  90  9:49  Drone  
  90  9:50  Drone x2  
  90  9:51  Drone x2  
  98  10:21  Drone x2  
  98  10:22  Spore Crawler, Drone x2  
  98  10:23  Spore Crawler, Drone x5  
  98  10:27  Spore Crawler x2  
  98  10:28  Spore Crawler  
  102  10:32  Queen  
  102  10:35  Roach x4  
  104  10:36  Spore Crawler, Drone x3, Roach x4  
  104  10:37  Spore Crawler x2, Drone x3  
  104  10:38  Roach x4  
  104  10:41  Roach x3  
  89  11:30  Roach x4  
  87  11:38  Drone x2  
  87  11:39  Drone x4  
  83  11:55  Roach x2  
  77  12:19  Roach x18  
  77  12:20  Roach x3  
  115  12:31  Hydralisk x4  
  115  12:32  Hydralisk  
Show
View Real Time Build Order
Export as new Build Order

TheTeethiest Protoss 

Build Orders: Double Forge, Nexus First 

Get SALT Encoding   

  12  0:00  Probe  
  13  0:12  Probe  
  14  0:17  Pylon  
  14  0:25  Probe  
  15  0:37  Probe  
  16  0:49  Probe  
  17  1:01  Nexus  
  17  1:13  Gateway  
  17  1:15  Probe  
  18  1:25  Gateway  
  18  1:29  Assimilator  
  18  1:36  Assimilator  
  18  1:49  Probe  
  19  2:01  Probe, Cybernetics Core  
  20  2:06  Pylon  
  20  2:13  Probe (Chrono Boost)  
  21  2:22  Probe (Chrono Boost)  
  23  2:24  Probe (Chrono Boost)  
  24  2:30  Probe (Chrono Boost)  
  24  2:31  Probe (Chrono Boost)  
  24  2:35  Probe (Chrono Boost)  
  26  2:38  Stalker  
  26  2:39  Stalker, Probe  
  26  2:42  Warp Gate  
  31  2:46  Probe  
  32  2:51  Probe  
  32  2:55  Assimilator  
  33  2:58  Probe  
  33  3:04  Probe, Pylon  
  35  3:08  Pylon  
  35  3:15  Pylon  
  36  3:20  Probe  
  36  3:22  Pylon  
  36  3:26  Pylon  
  37  3:34  Probe x2  
  37  3:40  Pylon  
  38  3:42  Adept (Chrono Boost)  
  42  3:49  Stalker (Chrono Boost)  
  42  3:53  Forge  
  42  3:59  Forge  
  42  4:01  Probe  
  26  4:36  Probe x2  
  28  4:41  Zealot, Stalker  
  30  4:48  Probe  
  30  4:51  Protoss Ground Weapons Level 1 (Chrono Boost)  
  30  4:52  Probe (Chrono Boost), Protoss Ground Armor Level 1 (Chrono Boost)  
  30  4:59  Pylon  
  30  5:05  Assimilator  
  30  5:06  Probe (Chrono Boost)  
  32  5:08  Stalker  
  32  5:09  Stalker, Probe (Chrono Boost)  
  37  5:14  Probe (Chrono Boost)  
  37  5:17  Probe (Chrono Boost)  
  37  5:22  Probe (Chrono Boost)  
  29  5:29  Probe  
  29  5:30  Probe  
  29  5:34  Stalker x2  
  35  5:43  Gateway  
  35  5:45  Gateway  
  35  5:48  Probe  
  36  5:58  Stalker  
  36  5:59  Stalker  
  39  6:08  Photon Cannon  
  39  6:22  Stalker x2  
  36  6:39  Stalker  
  34  6:40  Probe x2  
  34  6:51  Zealot x3  
  40  7:04  Probe x2 (Chrono Boost)  
  40  7:07  Sentry  
  44  7:13  Probe (Chrono Boost)  
  45  7:18  Twilight Council, Probe  
  45  7:20  Probe  
  47  7:31  Probe  
  47  7:34  Probe  
  49  7:43  Probe  
  50  7:46  Probe  
  50  7:50  Stalker  
  53  7:52  Sentry  
  53  7:53  Stalker  
  53  7:55  Probe  
  55  8:08  Stalker  
  57  8:16  Stalker  
  57  8:17  Stalker  
  57  8:18  Sentry  
  57  8:19  Probe x2  
  65  8:32  Probe x2 (Chrono Boost)  
  65  8:33  Protoss Ground Weapons Level 2 (Chrono Boost)  
  67  8:37  Blink  
  67  8:43  Sentry  
  67  8:45  Sentry  
  67  8:46  Probe (Chrono Boost)  
  67  8:47  Probe (Chrono Boost)  
  73  8:58  Probe  
  73  9:00  Stalker  
  73  9:02  Stalker  
  78  9:05  Probe  
  79  9:25  Stalker  
  79  9:26  Stalker  
  83  9:34  Pylon  
  83  9:40  Nexus  
  83  9:44  Pylon  
  83  9:55  Pylon  
  82  10:13  Probe x2  
  84  10:21  Zealot  
  84  10:22  Zealot x2  
  90  10:54  Stalker x4  
Show
View Real Time Build Order
Export as new Build Order

MikeHawk Zerg 

Build Orders: Hatch First 

Get SALT Encoding   

  12  0:00  Drone  
  13  0:12  Overlord  
  13  0:18  Drone  
  14  0:32  Drone x2  
  16  0:40  Drone  
  17  0:55  Hatchery  
  16  0:58  Drone  
  17  1:06  Drone  
  18  1:15  Spawning Pool  
  17  1:31  Extractor  
  16  1:33  Drone  
  16  1:34  Drone  
  16  1:35  Drone  
  19  1:58  Overlord  
  19  2:06  Queen  
  19  2:07  Queen  
  23  2:08  Zergling x4  
  23  2:11  Drone  
  27  2:30  Drone x4  
  27  2:34  Metabolic Boost  
  30  2:42  Queen  
  32  2:56  Hatchery  
  31  3:03  Overlord  
  30  3:09  Drone  
  30  3:10  Drone  
  32  3:21  Pneumatized Carapace  
  32  3:35  Baneling Nest  
  32  3:39  Drone x3  
  32  3:40  Zergling x4, Spine Crawler  
  35  4:01  Overlord, Zergling x4  
  35  4:02  Zergling x8  
  41  4:21  Baneling x3  
  41  4:24  Zergling x8  
  44  4:37  Zergling x6  
  45  4:42  Zergling x2  
  45  4:43  Overlord, Zergling x6  
  45  4:44  Lair  
  44  5:01  Drone x2  
  44  5:02  Overlord x2, Drone x3  
  48  5:12  Queen  
  50  5:16  Overlord, Drone  
  50  5:17  Extractor, Drone x4  
  52  5:34  Extractor x2  
  50  5:45  Spore Crawler  
  50  5:46  Spore Crawler  
  50  5:49  Spore Crawler  
  47  5:59  Spire  
  46  6:08  Drone x6  
  46  6:10  Drone x6  
  46  6:11  Drone x3  
  50  6:33  Zergling x10  
  50  6:34  Zergling x6  
  56  7:00  Zergling x8  
  56  7:01  Zergling x16  
  63  7:11  Mutalisk x3  
  63  7:12  Mutalisk x3  
  75  7:27  Zerg Flyer Armor Level 1  
  75  7:33  Overlord x2  
  75  7:34  Overlord  
  75  7:46  Roach Warren  
  74  7:52  Hatchery  
  71  8:05  Zergling x8  
  72  8:06  Zergling x10  
  74  8:23  Mutalisk x5  
  72  8:46  Glial Reconstitution  
  72  8:52  Evolution Chamber  
  72  8:53  Evolution Chamber  
  70  8:57  Overseer  
  70  9:05  Roach x4  
  70  9:06  Roach x7  
  70  9:07  Roach x2  
  96  9:33  Drone x7  
  96  9:35  Queen  
  103  9:46  Zerg Flyer Weapons Level 1  
  103  9:51  Zerg Missile Weapons Level 1  
  103  9:52  Zerg Ground Armor Level 1  
  103  9:53  Corruptor x2  
  104  10:17  Drone x4  
  104  10:18  Drone x4  
  104  10:19  Drone x4, Spore Crawler  
Show
View Real Time Build Order
Export as new Build Order

kaka Terran - Winner!

Build Orders:  

Get SALT Encoding   

  12  0:00  SCV  
  13  0:15  Supply Depot  
  13  0:18  SCV  
  14  0:30  SCV  
  15  0:41  Barracks  
  15  0:45  Refinery  
  15  0:50  Refinery  
  15  0:52  SCV  
  16  1:08  Barracks  
  16  1:13  SCV  
  17  1:25  SCV  
  18  1:34  Barracks Reactor  
  18  1:37  SCV  
  19  1:50  Orbital Command  
  19  1:55  Barracks Reactor  
  19  2:05  Supply Depot  
  19  2:13  Reaper x2  
  21  2:32  Reaper x2  
  23  2:45  Reaper x2  
  23  2:46  Supply Depot  
  25  3:04  Reaper x2  
  27  3:32  Reaper x2  
  29  3:36  Reaper x2  
  29  3:41  Engineering Bay  
  31  3:52  Barracks  
  25  5:07  Reaper x2  
  25  5:08  Reaper x2  
  29  5:14  Barracks Tech Lab  
  29  5:24  Terran Infantry Weapons Level 1  
  29  5:39  Reaper x2  
  29  5:40  Reaper x2  
  29  5:42  Combat Shield  
  32  6:11  Reaper  
  32  6:12  Reaper  
  21  7:12  Marine x2  
  21  7:13  Marine x3  
  26  7:27  Terran Infantry Armor Level 1, Command Center  
  26  7:30  Marine x3  
  26  7:31  Marine x2  
  31  7:44  Factory  
  31  7:48  Marine x4  
  31  7:49  Marine  
  36  7:55  Barracks  
  35  8:06  Marine x4  
  39  8:22  Marine  
  39  8:24  Marine  
  39  8:36  Missile Turret  
  39  8:47  Marine x5  
  44  8:51  Supply Depot  
  44  8:56  Missile Turret  
  44  9:02  Barracks Reactor  
  44  9:14  Supply Depot  
  44  9:27  Command Center  
  44  9:35  Missile Turret  
  44  9:43  Marine x6  
  44  9:44  Marine  
  51  9:47  Missile Turret  
  51  9:48  SCV  
  52  9:56  Missile Turret  
  52  10:01  Marine x7  
  59  10:11  Armory  
  59  10:15  Factory Reactor  
  59  10:16  Refinery  
  59  10:21  SCV  
  60  10:33  SCV  
  61  10:40  Refinery  
  61  10:41  Orbital Command  
  61  10:45  SCV  
  62  10:57  SCV  
  46  11:25  Orbital Command  
  42  12:27  Marine x4  
  42  12:28  Marine  
Show
View Real Time Build Order
Export as new Build Order

brianlau Terran - Winner!

Build Orders: Command Center First 

Get SALT Encoding   

  12  0:00  SCV  
  13  0:12  SCV  
  14  0:18  Supply Depot  
  14  0:24  SCV  
  15  0:39  SCV  
  16  0:51  SCV  
  17  1:02  Command Center  
  18  1:04  SCV  
  18  1:15  Barracks  
  18  1:17  SCV  
  19  1:24  Refinery  
  19  1:29  Refinery  
  19  1:32  SCV  
  20  1:44  SCV  
  21  1:56  SCV  
  22  2:02  Marine  
  23  2:09  Factory  
  23  2:11  Orbital Command  
  23  2:15  SCV  
  24  2:27  SCV  
  25  2:35  Refinery  
  25  2:39  SCV  
  25  2:41  SCV  
  27  2:45  Marine  
  28  2:54  Starport  
  28  2:57  SCV, Hellion  
  31  2:59  SCV  
  32  3:07  Refinery  
  32  3:09  SCV  
  32  3:11  Orbital Command  
  33  3:18  Hellion  
  35  3:24  Starport  
  35  3:29  SCV  
  35  3:31  Starport Tech Lab  
  36  3:34  Fusion Core  
  36  3:39  SCV  
  37  3:45  SCV  
  38  3:57  Supply Depot  
  38  3:59  Supply Depot  
  38  4:00  Starport Tech Lab  
  38  4:19  SCV x2  
  40  4:33  Battlecruiser x2  
  40  4:35  SCV  
  40  4:36  SCV  
  54  4:42  Supply Depot  
  54  4:46  Supply Depot  
  54  5:01  Starport  
  54  5:04  SCV  
  55  5:12  Supply Depot  
  55  5:14  SCV, Supply Depot  
  56  5:16  SCV  
  57  5:37  Battlecruiser x2  
  69  5:45  Starport Tech Lab  
  69  6:05  Battlecruiser  
  69  6:47  Battlecruiser  
  69  6:54  Supply Depot  
  69  6:56  Supply Depot  
  69  7:02  Battlecruiser  
  69  7:04  Starport  
  75  7:09  Battlecruiser  
  81  7:17  Weapon Refit  
  81  7:52  Battlecruiser  
  87  8:03  Starport Tech Lab  
  87  8:06  Battlecruiser  
  93  8:26  Battlecruiser  
  99  8:41  SCV x2  
  101  8:42  Marine, Engineering Bay  
  102  9:15  Armory  
  102  9:17  Armory  
  102  9:23  Marine  
  102  9:24  SCV  
  101  10:09  Battlecruiser  
  101  10:10  Supply Depot, Battlecruiser  
  101  10:13  Supply Depot, Battlecruiser  
  117  10:28  Battlecruiser  
  114  11:13  Battlecruiser  
  108  11:29  Battlecruiser  
  108  11:30  Battlecruiser  
  120  11:46  Battlecruiser  
Show
View Real Time Build Order
Export as new Build Order

Overcyn Zerg - Winner!

Build Orders: Hatch First 

Get SALT Encoding   

  12  0:01  Drone  
  13  0:12  Overlord  
  13  0:17  Drone  
  14  0:30  Drone x2  
  14  0:34  Drone  
  17  0:55  Hatchery  
  16  0:58  Drone  
  16  1:00  Extractor  
  16  1:03  Drone  
  17  1:20  Spawning Pool  
  16  1:33  Drone x3  
  19  1:48  Overlord  
  19  2:01  Drone  
  20  2:13  Metabolic Boost  
  20  2:14  Zergling x2  
  20  2:15  Zergling x2, Queen  
  24  2:22  Queen  
  26  2:36  Drone x3  
  29  2:59  Zergling x6  
  29  3:01  Zergling x2  
  29  3:02  Zergling x4  
  33  3:16  Baneling Nest  
  33  3:17  Zergling x4  
  34  3:25  Zergling x4  
  36  3:38  Overlord  
  36  3:40  Hatchery  
  35  3:53  Zergling x2  
  36  4:01  Zergling x10  
  36  4:02  Zergling x2  
  40  4:30  Zergling x8  
  43  4:36  Zergling x2  
  43  4:37  Zergling x2  
  43  4:38  Overlord x2  
  33  4:48  Zergling x6  
  36  4:54  Baneling x3  
  36  4:55  Baneling  
  36  4:56  Zergling x2  
  37  5:07  Zergling x6  
  31  5:31  Zergling x6  
  31  5:32  Zergling x6  
  31  5:33  Drone x3  
  40  5:36  Extractor  
  40  5:37  Baneling x2  
  40  5:38  Baneling x2  
  40  5:39  Baneling  
  39  5:44  Drone  
  39  5:45  Drone x2  
  42  5:59  Drone x2  
  39  6:12  Baneling  
  39  6:13  Baneling  
  39  6:14  Zergling x6  
  39  6:15  Zergling x2  
  39  6:17  Drone  
  44  6:29  Drone  
  44  6:30  Drone x5  
  49  6:37  Baneling x3  
  49  6:38  Baneling  
  49  6:39  Drone x4  
  53  6:45  Lair  
  47  7:01  Drone x4  
  47  7:02  Drone x5  
  47  7:04  Lair  
  47  7:07  Extractor  
  55  7:11  Spine Crawler  
  55  7:13  Baneling x4  
  54  7:17  Zergling x8  
  58  7:29  Overlord x2  
  57  7:51  Burrow  
  57  7:53  Zergling x8  
  57  7:54  Zergling x8  
  64  8:03  Zergling x4  
  63  8:17  Zergling x10  
  65  8:20  Baneling x3  
  65  8:23  Baneling  
  65  8:35  Baneling x3  
  65  8:36  Baneling x5  
  65  8:37  Zergling x2  
  65  8:40  Queen  
  66  8:42  Hatchery  
  66  8:45  Baneling x4  
  66  8:47  Spine Crawler  
  64  9:04  Hatchery  
  64  9:07  Centrifugal Hooks  
  64  9:08  Infestation Pit  
  62  9:12  Evolution Chamber, Drone x4  
  62  9:13  Overlord, Drone  
  62  9:14  Overlord x3, Evolution Chamber  
  65  9:19  Extractor  
  65  9:22  Spore Crawler  
  60  9:31  Queen  
  60  9:32  Spore Crawler  
  60  9:35  Spore Crawler  
  52  9:47  Spore Crawler  
  52  9:48  Spore Crawler  
  52  9:50  Drone x10  
  52  9:51  Drone x2  
  62  10:00  Spore Crawler  
  62  10:02  Extractor  
  62  10:05  Zerg Melee Weapons Level 1  
  60  10:09  Zerg Ground Armor Level 1  
  60  10:44  Drone  
  60  10:45  Drone x3  
  60  10:46  Drone x9  
  60  10:47  Drone  
  66  11:01  Zergling x8  
  46  11:14  Zergling x14  
  46  11:15  Zergling x6  
  52  11:21  Zergling x10  
  49  11:48  Extractor  
  44  12:28  Zergling x4  
  44  12:29  Zergling x8  
  51  12:30  Zergling x10  
  51  12:31  Zergling x4  
Tags
 
Add a new tag
Caveats
  • Supply blocks, unpowered buildings, or Contaminate may cause inaccurate times.
  • Supply counts are checked every 10 seconds.